 Dungeon Crawl Stone Soup version 0.29-a0-194-g6e3aafee17 (webtiles) character file.

Game seed: 9730902139957767755

73 drugrobin the Poker (level 3, -2/29 HPs)
             Began as a Demigod Warper on Feb 22, 2022.
             Slain by a hound (5 damage)
             ... on level 2 of the Dungeon.
             The game lasted 00:05:48 (2778 turns).

drugrobin the Poker (Demigod Warper)                Turns: 2778, Time: 00:05:49

Health: -2/29      AC:  3    Str: 16    XL:     3   Next: 83%
Magic:  2/8        EV: 11    Int: 15    God:
Gold:   143        SH:  3    Dex: 13    Spells: 0/5 levels left

rFire   . . .      SeeInvis .   a - +0 spear
rCold   . . .      Faith    .   l - +0 buckler
rNeg    . . .      Spirit   .   s - +0 leather armour
rPois   .          Reflect  .   (no helmet)
rElec   .          Harm     .   (no cloak)
rCorr   .          Rampage  .   (no gloves)
Will    .....                   (no boots)
Stlth   +.........              (no amulet)
HPRegen 0.09/turn               (no ring)
MPRegen 0.11/turn               (no ring)

@: on blink cooldown
A: high MP 1, forlorn, divine attributes
a: no special abilities


You were on level 2 of the Dungeon.
You visited 1 branch of the dungeon, and saw 3 of its levels.

You collected 143 gold pieces.

Inventory:

Hand Weapons
 a - a +0 spear (weapon)
 b - a +0 hunting sling
Missiles
 d - 5 boomerangs of dispersal
 e - 104 stones (quivered)
 m - 7 poisoned darts
Armour
 l - a +0 buckler (worn)
 s - a +0 leather armour (worn)
Magical Staves
 w - a staff of death
Wands
 u - a wand of flame (7)
Scrolls
 c - 2 scrolls of blinking
 g - a scroll of identify {unknown}
 h - a scroll of magic mapping {unknown}
 j - 4 scrolls of teleportation {unknown}
 k - 2 scrolls of fear {unknown}
 o - a scroll of noise {unknown}
 q - a scroll of holy word {unknown}
 t - a scroll of brand weapon {unknown}
 v - a scroll of enchant armour {unknown}
 x - a scroll of enchant weapon {unknown}
Potions
 f - a potion of haste {unknown}
 i - a potion of cancellation {unknown}
 n - 3 potions of berserk rage {unknown}
 p - 2 potions of attraction {unknown}
 r - a potion of might {unknown}


   Skills:
 - Level 1.7 Fighting
 + Level 3.9 Polearms
 - Level 0.8 Throwing
 - Level 0.8 Armour
 - Level 1.7 Dodging
 + Level 0.7 Stealth
 - Level 1.7 Spellcasting
 - Level 2.6 Translocations


You couldn't memorise any spells.
You knew the following spells:

 Your Spells              Type           Power      Damage    Failure   Level
a - Blink                 Tloc           18%        N/A       19%         2
b - Teleport Other        Tloc           9%         N/A       36%         3

Your spell library contained the following spells:

 Spells                   Type           Power      Damage    Failure   Level
 Gell's Gravitas          Tloc           9%         N/A       36%         3
 Lesser Beckoning         Tloc           9%         N/A       36%         3
 Sublimation of Blood     Necr           1%         N/A       50%         2
 Tukima's Dance           Hex            1%         N/A       75%         3
 Passage of Golubria      Tloc           9%         N/A       77%         4
 Petrify                  Tmut/Erth      1%         N/A       98%         4
 Manifold Assault         Tloc           9%         N/A       98%         5
 Irradiate                Conj/Tmut      0%         3d13      100%        5
 Yara's Violent Unravell  Hex/Tmut       0%         3d3       100%        5


Dungeon Overview and Level Annotations

Branches:
Dungeon (3/15)

Annotations:
D:2 Sigmund


Innate Abilities, Weirdness & Mutations

You have an increased reservoir of magic. (+10% MP)
You shall have no god before yourself.
Your divine heritage dramatically boosts your attributes as you level up.


Message History

The hound bites you.
There is a stone staircase leading down here.
Your magical contamination has completely faded away.
The hound bites you. You block the hound's attack.
You block the hound's attack.
Casting: Blink (safe; 19% risk of failure)
Confirm with . or Enter, or press ? or * to list all spells.
You blink.
Aiming: Throw Flame
Press: ? - help, Shift-Dir - straight line, f - hound
Aim: a hound (lightly wounded, 56% to hit)
The puff of flame hits the hound!
The hound is heavily wounded.
Unknown command.
Aiming: Throw Flame
Press: ? - help, Shift-Dir - straight line, f/p - hound
Aim: a hound (heavily wounded, 56% to hit)
The puff of flame hits the hound.
The hound is severely wounded.
Unknown command.
Aiming: Throw Flame
Press: ? - help, Shift-Dir - straight line, f/p - hound
Aim: a hound (severely wounded, 56% to hit)
The puff of flame hits the hound.
The hound is almost dead.
The hound bites you.
* * * LOW HITPOINT WARNING * * *
Aiming: Throw Flame
Press: ? - help, Shift-Dir - straight line, f/p - hound
Aim: a hound (almost dead, 56% to hit)
The puff of flame misses the hound.
The hound barely misses you.
Unknown command.
Aiming: Throw Flame
Press: ? - help, Shift-Dir - straight line, f/p - hound
Aim: a hound (almost dead, 56% to hit)
The puff of flame misses the hound.
The hound bites you.
* * * LOW HITPOINT WARNING * * *
The hound bites you.
You die...

#.# #.# #.# #######.####
##########.####.....<....#
†...............#####.##.#
#####.........### #.##.####
#.####.##.#######.##....# #.#
#............#####.#####
#.#######........)...........
#.#.........@h#########>####.
#.#.#########.# #......
#.....# #.# ######.
#.....##### #.# ########..
#.........# #.# #.........
#.....###.# #.# #.....##..
#.....# #.# #.# #.#######.
###.#####.###.# #.# #.
#.####..#...######.# #.


You could see a hound.

Vanquished Creatures
  An adder (D:3)
  A worm (D:2)
  2 dart slugs (D:1)
  3 orcs (D:3)
  2 endoplasms (D:1)
  6 giant cockroaches
  4 goblins
  4 hobgoblins
  4 jackals (D:1)
  5 kobolds
  2 quokkas
  6 ball pythons
  A bat (D:3)
  3 frilled lizards
  4 rats
48 creatures vanquished.

Vanquished Creatures (others)
  4 toadstools (D:1)
4 creatures vanquished.

Grand Total: 52 creatures vanquished

Notes
Turn   | Place    | Note
-------+----------+-------------------------------------------
     0 | D:1      | drugrobin the Demigod Warper began the quest for the Orb.
     0 | D:1      | Reached XP level 1. HP: 17/17 MP: 5/5
    44 | D:1      | Reached skill level 2 in Polearms
   567 | D:1      | Reached XP level 2. HP: 21/24 MP: 7/7
   830 | D:1      | Reached skill level 3 in Polearms
  1352 | D:2      | Reached XP level 3. HP: 29/29 MP: 8/8
  1375 | D:2      | Learned a level 2 spell: Blink
  1379 | D:2      | Learned a level 3 spell: Teleport Other
  2021 | D:2      | Noticed Sigmund
  2778 | D:2      | Slain by a hound

Illustrated notes

Levels and vault maps discovered:
D:1:      lemuel_arrival_lava_pool, layout_rooms, minmay_gold_behind_fungi,
          minmay_octomino_e4
D:2:      layout_loops_ring, uniq_sigmund
D:3:      layout_loops_ring, mainiacjoe_overflow_cross_hatched,
          overflow_temple_1_default, corexii_corridor_pit,
          kennysheep_decorative_pillar, minmay_misc_feat_hallway, minmay_between

Skill      XL: |  1  2 |
---------------+-------+-----
Polearms       | 2 3 |  3.9
Fighting       | |  1.7
Throwing       | |  0.8
Armour         | |  0.8
Dodging        | |  1.7
Stealth        | |  0.7
Spellcasting   | |  1.7
Translocations | |  2.6

Action                   || total
-------------------------++-------
Melee: Spear             ||   272
       Punch             ||     1
 Fire: Hunting sling     ||     8
Throw: Stone             ||     2
 Cast: Blink             ||     2
Evoke: Wand              ||     5
Armor: Leather armour    ||    53
Dodge: Dodged            ||   108
Block: Buckler           ||    13

Table legend: (Time is in decaauts)
 A = Elapsed time spent in this place.
 B = Non-inter-level travel time spent in this place.
 C = Inter-level travel time spent in this place.
 D = Time resting spent in this place.
 E = Time spent auto-exploring this place.
 F = Levels seen in this place.
 G = Mean time per level.
                   A        B        C        D        E       F      G
               +--------+--------+--------+--------+--------+-----+--------+
         Total |   2769 |   2701 |     68 |    263 |   1711 |   3 |  923.0 |
       Dungeon |   2769 |   2701 |     68 |    263 |   1711 |   3 |  923.0 |
               +--------+--------+--------+--------+--------+-----+--------+

Top non-repeatable levels by time:
     D:1: 1281 daAuts
     D:2: 900 daAuts
     D:3: 586 daAuts
